 Dungeon Crawl Stone Soup version 0.28.0-43-g3370ac3207 (webtiles) character file.

Game seed: 4817038145318344305

35 jimonade the Spear-Bearer (level 3, -2/25 HPs)
             Began as a Gnoll Wanderer on Mar 13, 2022.
             Slain by Crazy Yiuf
             ... wielding a +3 quarterstaff of chaos
              (14 damage)
             ... on level 2 of the Dungeon.
             The game lasted 00:02:52 (1294 turns).

jimonade the Spear-Bearer (Gnoll Wanderer)          Turns: 1294, Time: 00:02:53

Health: -2/25      AC:  9    Str:  9    XL:     3   Next: 33%
Magic:  4/4        EV: 16    Int:  8    God:
Gold:   46         SH:  0    Dex: 18    Spells: 3/3 levels left

rFire   + . .      SeeInvis .   a - +2 falchion
rCold   + . .      Faith    .   (no shield)
rNeg    . . .      Spirit   .   g - +0 ring mail
rPois   .          Reflect  .   (no helmet)
rElec   .          Harm     .   k - +2 cloak
rCorr   .          Rampage  .   (no gloves)
Will    .....                   c - +0 pair of boots
Stlth   ++........              (no amulet)
HPRegen 0.08/turn               f - ring of protection from fire
MPRegen 0.09/turn               m - ring of protection from cold

@: agile
A: fangs 1, strong nose, distributed training
a: no special abilities


You were on level 2 of the Dungeon.
You visited 1 branch of the dungeon, and saw 2 of its levels.

You collected 46 gold pieces.

Inventory:

Hand Weapons
 a - a +2 falchion (weapon)
 b - a +0 spear
Missiles
 l - 2 poisoned darts (quivered)
 n - 11 bolts
Armour
 c - a +0 pair of boots (worn)
 d - a +0 robe
 g - a +0 ring mail (worn)
 k - a +2 cloak (worn)
Jewellery
 f - a ring of protection from fire (left hand)
 m - a ring of protection from cold (right hand)
Scrolls
 e - a scroll of noise {unknown}
 j - a scroll of identify {unknown}
Potions
 h - 2 potions of mutation {unknown}
 i - a potion of haste {unknown}
 o - a potion of might {unknown}


   Skills:
 + Level 0.7 Fighting
 + Level 0.7 Short Blades
 + Level 6.5 Long Blades
 + Level 0.7 Axes
 + Level 0.7 Maces & Flails
 + Level 8.5 Polearms
 + Level 0.7 Staves
 + Level 0.7 Slings
 + Level 0.7 Bows
 + Level 0.7 Crossbows
 + Level 0.7 Throwing
 + Level 0.7 Armour
 + Level 2.6 Dodging
 + Level 2.3 Stealth
 + Level 0.7 Shields
 + Level 0.7 Unarmed Combat
 + Level 0.7 Spellcasting
 + Level 0.5 Conjurations
 + Level 0.5 Hexes
 + Level 0.5 Summonings
 + Level 0.5 Necromancy
 + Level 0.5 Translocations
 + Level 0.5 Transmutations
 + Level 0.5 Fire Magic
 + Level 0.5 Ice Magic
 + Level 0.5 Air Magic
 + Level 0.5 Earth Magic
 + Level 0.5 Poison Magic
 + Level 2.6 Invocations
 + Level 0.7 Evocations


You had 3 spell levels left.
You didn't know any spells.
Your spell library contained the following spells:

 Spells                   Type           Power      Damage    Failure   Level
 Tukima's Dance           Hex            1%         N/A       95%         3
 Passage of Golubria      Tloc           1%         N/A       100%        4
 Yara's Violent Unravell  Hex/Tmut       0%         3d3       100%        5


Dungeon Overview and Level Annotations

Branches:
Dungeon (2/15)

Altars:

Annotations:
D:2 Crazy Yiuf


Innate Abilities, Weirdness & Mutations

You have very sharp teeth.
Your uncanny sense of smell can sniff out nearby items.
Your experience applies equally to all skills.


Message History

The quokka closely misses you. The adder bites you.
You hit the quokka.
You kill the quokka!
The adder bites you but does no damage.
You hit the adder.
The adder is moderately wounded.
The adder barely misses you. x2
You closely miss the adder. Your bite misses the adder.
The adder is moderately wounded.
The adder bites you but does no damage.
You hit the adder. Your bite misses the adder.
The adder is heavily wounded.
The adder bites you but does no damage.
You hit the adder. Your punch misses the adder. You bite the adder.
You kill the adder!
No target in view!
No target in view!
HP restored.
Found a mace.
Found a runed translucent door.
You open the door.
Crazy Yiuf sings, "Trees, trees, trees, circus!"
You hit Crazy Yiuf.
Crazy Yiuf is moderately wounded.
Crazy Yiuf hits you with a +3 quarterstaff of chaos!
You closely miss Crazy Yiuf.
Crazy Yiuf is moderately wounded.
Crazy Yiuf closely misses you.
You barely miss Crazy Yiuf.
Crazy Yiuf is moderately wounded.
Crazy Yiuf hits you with a +3 quarterstaff of chaos.
You feel agile all of a sudden.
You are too injured to fight recklessly!
You are too injured to fight recklessly!
You are too injured to fight recklessly!
You hit Crazy Yiuf.
Crazy Yiuf is heavily wounded.
Crazy Yiuf grits, "Lugonu!"
Crazy Yiuf hits you with a +3 quarterstaff of chaos!
Ouch! That really hurt!
You die...

.## ..# #.. #.# #.#
#.# #.#### ###
######.#..## ###..)#
#........P.####@g...#
#.####...PP.#..##...#
##.######.P.#.### ###
†.....#########
##†.....# ##.##.####
##.......# ##.##....#
##>####..#


You could see Crazy Yiuf.

Vanquished Creatures
  An adder (D:2)
  3 ball pythons (D:1)
  4 endoplasms (D:1)
  3 giant cockroaches (D:1)
  2 goblins (D:1)
  3 hobgoblins (D:1)
  A quokka (D:2)
  A bat (D:1)
  A kobold (D:1)
  3 rats
22 creatures vanquished.

Vanquished Creatures (others)
  A fungus (D:2)
1 creature vanquished.

Grand Total: 23 creatures vanquished

Notes
Turn   | Place    | Note
-------+----------+-------------------------------------------
     0 | D:1      | jimonade the Gnoll Wanderer began the quest for the Orb.
     0 | D:1      | jimonade set off with the following items: a +2 falchion, a
                  | +0 spear, a +0 pair of boots, a +0 robe
     0 | D:1      | Reached XP level 1. HP: 13/13 MP: 2/2
    86 | D:1      | Reached XP level 2. HP: 10/19 MP: 3/3
   890 | D:1      | Reached XP level 3. HP: 25/25 MP: 4/4
   954 | D:1      | Found a faded altar of an unknown god.
  1286 | D:2      | Found a runed translucent door.
  1287 | D:2      | Noticed Crazy Yiuf
  1294 | D:2      | Slain by Crazy Yiuf

Illustrated notes

Levels and vault maps discovered:
D:1:      matt_arrival_spirals, layout_basic,
          shapermc_ecumenical_altar_hornbeckon
D:2:      layout_loops_cross, basic_altar, minmay_hedge_maze,
          uniq_crazy_yiuf_cottage

Action                   || total
-------------------------++-------
Melee: Falchion          ||    57
       Bite              ||     4
 Stab: Sleeping          ||     5
Armor: Ring mail         ||    11
       Robe              ||     1
Dodge: Dodged            ||    23
